 Dungeon Crawl Stone Soup version 0.26-a0-540-g8a0c9464d7 (webtiles) character file.

Game seed: 4199735401943412142

48 Gorglomux the Skirmisher (level 3, 0/32 HPs)
             Began as a Palentonga Delver on Aug 21, 2020.
             Was a Follower of Uskayaw.
             Succumbed to a scorpion's poison
             ... on level 5 of the Dungeon.
             The game lasted 00:00:50 (181 turns).

Gorglomux the Skirmisher (Palentonga Delver)         Turns: 181, Time: 00:00:50

Health: 0/32       AC:  4    Str: 16    XL:     3   Next: 50%
Magic:  3/3        EV:  9    Int: 10    God:    Uskayaw [*.....]
Gold:   5          SH:  0    Dex: 11    Spells: 2/2 levels left

rFire    . . .     SeeInvis +   a - +0 short sword
rCold    . . .     Faith    .   (no shield)
rNeg     . . .     Spirit   .   b - +0 leather armour
rPois    .         Reflect  .   (no helmet)
rElec    .         Harm     .   (no cloak)
rCorr    .                      (no gloves)
MR       .....                  (boots restricted)
Stlth    ++........             (no amulet)
HPRegen  0.10/turn              (no ring)
MPRegen  0.08/turn              (no ring)

@: lethally poisoned (0 -> -2)
A: large, rugged brown scales 3, see invisible, deformed body, roll, armoured
tail
a: Rolling Charge, Stomp, Renounce Religion


You were on level 5 of the Dungeon.
You worshipped Uskayaw.
Uskayaw was noncommittal.
You visited 1 branch of the dungeon, and saw 1 of its levels.

You collected 5 gold pieces.

Inventory:

Hand Weapons
 a - a +0 short sword (weapon)
Armour
 b - a +0 leather armour (worn)
Wands
 D - a wand of digging (3)
Scrolls
 c - a scroll of fog
 d - a scroll of remove curse {unknown}
 f - a scroll of blinking {unknown}
 M - a scroll of magic mapping
Potions
 H - a potion of haste


   Skills:
 + Level 3.8 Fighting
 + Level 3.1 Short Blades
 - Level 1.5 Dodging
 - Level 3.3 Stealth


You had 2 spell levels left.
You didn't know any spells.
Your spell library was empty.

Dungeon Overview and Level Annotations

Branches:
Dungeon (5/15)
 Temple: D:4-7

Altars:
Uskayaw


Innate Abilities, Weirdness & Mutations

You are completely covered in rugged brown scales. (AC +3, +7% HP)
You have supernaturally acute eyesight. (SInv)
Armour fits poorly on your strangely shaped body.
You can roll at foes to attack.
You have a long armoured tail.


Message History

The scorpion is severely wounded.
The scorpion stings you.
You can now pass through a line of other dancers.
You barely miss the scorpion.
The scorpion is severely wounded.
The scorpion barely misses you.
You hit the scorpion.
The scorpion is almost dead.
The scorpion stings you.
* * * LOW HITPOINT WARNING * * *
You are lethally poisoned!
The scorpion poisons you!
You hit the scorpion.
You kill the scorpion!
Your Short Blades skill increases to level 3!
You have reached level 2!
You have reached level 3!
Your experience leads to an increase in your attributes!
Increase (S)trength, (I)ntelligence, or (D)exterity?
You feel stronger.
* * * LOW HITPOINT WARNING * * *
You feel sick.
Uskayaw will force your foes to helplessly watch your dance.
Okay, then.
* * * LOW HITPOINT WARNING * * *
You feel sick.
* * * LOW HITPOINT WARNING * * *
You feel sick.
* * * LOW HITPOINT WARNING * * *
You feel sick.
You open the door.
* * * LOW HITPOINT WARNING * * *
You feel sick.
There is an open door here.
* * * LOW HITPOINT WARNING * * *
You feel sick.
* * * LOW HITPOINT WARNING * * *
You feel sick.
You can no longer pass through a line of other dancers.
You open the door.
* * * LOW HITPOINT WARNING * * *
You feel sick.
There is an open door here.
* * * LOW HITPOINT WARNING * * *
You feel sick.
* * * LOW HITPOINT WARNING * * *
You feel sick.
You see here a leather armour.
Unknown command.
You die...

#.#####.....# #
#.#...'.....# #
#.#.###.....# #
#.#.# #.....# #
#.#.# ####'## #
#.#.# #.# # #.#[#
#.# # #######.#.#
#.# #
.......@..######.#
#
..............##.#
#
........####.....#
.######.#((#....##
#.#..#._..#
#.#..#....#
#.####....#
#.........#
######...##


You could see 2 dancing weapons.

Vanquished Creatures
  A scorpion (D:5)
  A quokka (D:5)
2 creatures vanquished.

Notes
Turn   | Place    | Note
-------+----------+-------------------------------------------
     0 | D:5      | Gorglomux the Palentonga Delver began the quest for the
                  | Orb.
     0 | D:5      | Reached XP level 1. HP: 19/19 MP: 1/1
    83 | D:5      | Noticed a +0 hand axe
    83 | D:5      | Noticed a +0 dagger
    86 | D:5      | Found a hide-covered altar of Uskayaw.
    95 | D:5      | Became a worshipper of Uskayaw the Reveler
   150 | D:5      | Noticed a scorpion
   155 | D:5      | Reached * piety under Uskayaw
   157 | D:5      | Reached ** piety under Uskayaw
   160 | D:5      | Killed a scorpion
   160 | D:5      | Reached skill level 3 in Short Blades
   160 | D:5      | Reached XP level 2. HP: 7/26 MP: 2/2
   160 | D:5      | Reached XP level 3. HP: 9/32 MP: 3/3
   160 | D:5      | Reached *** piety under Uskayaw
   173 | D:5      | HP: 1/32 [poisoned by a scorpion]
   181 | D:5      | Succumbed to a scorpion's poison

Illustrated notes

Levels and vault maps discovered:
D:5:      layout_basic, dancing_weapons_uskayaw, nicolae_underground_beach

Skill      XL: |  1 |
---------------+----+-----
Short Blades   | 3 |  3.1
Fighting       | |  3.8
Dodging        | |  1.5
Stealth        | |  3.3

Action                   || total
-------------------------++-------
Melee: Short sword       ||    10
       Tailslap          ||     2
 Abil: Rolling Charge    ||     1
  Use: Scroll            ||     1
 Stab: Fleeing           ||     1
Armor: Leather armour    ||     2
Dodge: Dodged            ||     3

Table legend: (Time is in decaauts)
 A = Elapsed time spent in this place.
 B = Non-inter-level travel time spent in this place.
 C = Inter-level travel time spent in this place.
 D = Time resting spent in this place.
 E = Time spent auto-exploring this place.
 F = Levels seen in this place.
 G = Mean time per level.
                   A        B        C        D        E       F      G
               +--------+--------+--------+--------+--------+-----+--------+
         Total |    181 |    181 |      0 |      0 |     63 |   1 |  181.0 |
       Dungeon |    181 |    181 |      0 |      0 |     63 |   1 |  181.0 |
               +--------+--------+--------+--------+--------+-----+--------+

Top non-repeatable levels by time:
     D:5: 181 daAuts
